Unix NetHack Version 5.0.0-0 post-release - last build May  4 2026 22:22:43 (774f63e81ad911689b3a0859ea89b322d5daca8d,branch:main).

Game began 2026-05-07 10:14:20, ended 2026-05-07 10:52:29.

01245990302, chaotic female orcish Rogue

                               #
                              -|------------
 ----------                   |............|
 |.........#                  ........)....|
 |......>.|               ##  |............|
 |........|             ######....(........|
 ----.-----             ##    ---|------.---
     ##                 #        #       #
      ####              #        #
         #              #        #
         ##            ##     ####
   -------.-----      ##      #
   |.....).....| ######       k
   |............##            @
   |.....%....`|              #
   |..<........|            ##)
   |...........-#############
   -------------

01245990302 the Cutpurse  St:17 Dx:18 Co:14 In:9 Wi:10 Ch:7  Chaotic
Dlvl:4  $:17 HP:0(21) Pw:12(12) AC:9  Xp:4 T:2244 

Latest messages:
 You are carrying too much to get through.
 You are carrying too much to get through.
 You are carrying too much to get through.
 You already found a monster.  Use 'm' prefix to force another search.
 You already found a monster.  Use 'm' prefix to force another search.
 You already found a monster.  Use 'm' prefix to force another search.
 You already found a monster.  Use 'm' prefix to force another search.
 You already found a monster.  Use 'm' prefix to force another search.
 You already found a monster.  Use 'm' prefix to force another search.
 You are carrying too much to get through.
 You are carrying too much to get through.
 You are carrying too much to get through.
 The rock mole bites!
 You see here a chest.
 You hear water falling on coins.
 You are beginning to feel hungry.
 What do you want to eat? [ghlmrA or ?*] g
 This food really hits the spot!
 You finish eating the food ration.
 You hear the chime of a cash register.
 You hear the chime of a cash register.
 You miss the rock mole.
 You hit the rock mole.
 In what direction? 8
 The orcish dagger hits the rock mole.
 You hit the rock mole.
 What do you want to wear? [ny or ?*] n
 You are now wearing a leather jacket.
 You miss the rock mole.
 The rock mole bites!
 You hit the rock mole.
 You miss the rock mole.
 The rock mole bites!
 The kobold throws an orcish dagger!
 You are hit by an orcish dagger.
 You see here a +0 orcish dagger.
 The kobold wields 2 orcish daggers!
 You hit the kobold.
 The kobold thrusts one of his orcish daggers.
 The kobold hits!
 Are you sure you want to pray? [yn] (n) y
 You begin praying to Kos.
 The kobold thrusts one of his orcish daggers.
 The kobold hits!
 You die...
 Do you want your possessions identified? [ynq] (y) y
 Do you want to see your attributes? [ynq] (y) y
 Do you want an account of creatures vanquished? [ynaq] (y) y
 Do you want to see your conduct and achievements? [ynq] (y) y
 Do you want to see the dungeon overview? [ynq] (y) y

Inventory:
 Coins    ('$')
  $ - 17 gold pieces
 Weapons  (')')
  D - 7 cursed +0 crossbow bolts
  v - a +0 sling
  k - 7 +1 darts
  j - a +0 dart
  z - 9 cursed -1 darts
  o - a +0 dwarvish spear
  t - 4 +0 orcish daggers (at the ready)
  B - a +0 aklys
 Armor    ('[')
  y - an uncursed +0 shield of reflection
  n - an uncursed +0 leather jacket (being worn)
 Comestibles  ('%')
  m - an uncursed cream pie
  g - an uncursed food ration
  A - 2 cursed food rations
  h - an uncursed tripe ration
  l - a cursed tin of spinach
  r - an uncursed lichen corpse
 Scrolls  ('?')
  s - an uncursed scroll of confuse monster
  q - an uncursed scroll of scare monster
 Potions  ('!')
  d - an uncursed potion of sickness
  i - an uncursed potion of sleeping
  u - an uncursed potion of water
 Tools    ('(')
  f - an empty uncursed sack
  C - a cursed crystal ball (0:3)
  e - an uncursed lock pick
 Gems/Stones  ('*')
  p - an uncursed worthless piece of orange glass
  w - 7 uncursed rocks

01245990302 the Rogue's attributes:

Background:
 You were a Cutpurse, a level 4 female orcish Rogue.
 You were chaotic, on a mission for Kos
 who was opposed by Issek (lawful) and Mog (neutral).
 You were right-handed.
 You were in the Dungeons of Doom, on level 4.
 You entered the dungeon 2244 turns ago.
 You had 123 experience points, 37 more were needed to attain level 5.

Basics:
 You had 0 out of 21 hit points.
 You had all 12 energy points (spell power).
 Your armor class was 9.
 Your wallet contained 17 zorkmids.
 Autopickup was off.

Final Characteristics:
 Your strength was 17 (limit:18/50).
 Your dexterity was 18 (limit:18).
 Your constitution was 14 (limit:18).
 Your intelligence was 9 (limit:16).
 Your wisdom was 10 (limit:16).
 Your charisma was 7 (limit:16).

Final Status:
 You weren't hungry.
 You were unencumbered.
 You were bare handed.
 You were unskilled in bare handed combat.

Final Attributes:
 You were haltingly aligned.
 You were poison resistant.
 You had infravision.
 You were stealthy.
 You are dead.

Miscellaneous:
 You didn't encounter any bones levels.
 Total elapsed playing time was 37 minutes and 55 seconds.

Major events:
 Turn
    1: 01245990302 the chaotic female orcish Rogue entered the dungeon
  789: attained the rank of Cutpurse (level 3)
 1835: entered the Gnomish Mines
 2244: killed by a kobold, while praying

You didn't know any spells.

Skills:
 Fighting Skills
   bare handed combat [Unskilled]
   two weapon combat  [Unskilled]
   riding             [Unskilled]
 Weapon Skills
   dagger             [Basic]
   knife              [Unskilled]
   short sword        [Basic]
   broadsword         [Unskilled]
   long sword         [Unskilled]
   two-handed sword   [Unskilled]
   saber              [Unskilled]
   club               [Unskilled]
   mace               [Unskilled]
   morning star       [Unskilled]
   flail              [Unskilled]
   hammer             [Unskilled]
   polearms           [Unskilled]
   spear              [Unskilled]
   crossbow           [Unskilled]
   dart               [Unskilled]
   shuriken           [Unskilled]
 Spellcasting Skills
   divination spells  [Unskilled]
   escape spells      [Unskilled]
   matter spells      [Unskilled]

Voluntary challenges:
 Character rerolling was not enabled.
 You were illiterate.
 You never genocided any monsters.
 You never polymorphed an object.
 You used no wishes.
Achievements:
 You entered a shop.
 You attained the rank of Cutpurse.
 You entered the Gnomish Mines.

 The Dungeons of Doom: levels 1 to 4
    Level 1:
       A fountain.
    Level 2:
       A potion shop, an altar to Kos, a grave.
    Level 3:
       A fountain.
       Stairs down to The Gnomish Mines.
    Level 4: <- You were here.
       Final resting place for
          you, killed by a kobold, while praying.
 The Gnomish Mines:
    Level 4:


Vanquished creatures:
  a homunculus
  a dwarf zombie
  a wererat
 an iguana
  2 acid blobs
  a gas spore
  a hobbit
  a large kobold
  a giant rat
  3 cave spiders
  2 brown molds
  2 gnomes
  2 garter snakes
  a gecko
  4 jackals
  a fox
  a kobold
  a grid bug
  4 lichens
  3 kobold zombies
  5 newts
39 creatures vanquished.

No species were genocided or became extinct.

Game over:
                       ----------
                      /          \
                     /    REST    \
                    /      IN      \
                   /     PEACE      \
                  /                  \
                  |   01245990302    |
                  |      17 Au       |
                  |   killed by a    |
                  |      kobold      |
                  |                  |
                  |                  |
                  |       2026       |
                 *|     *  *  *      | *
        _________)/\\_//(\/(/\)/\//\/|_)_______

Goodbye 01245990302 the Rogue...

You died in The Dungeons of Doom on dungeon level 4 with 658 points,
and 17 pieces of gold, after 2244 moves.
You were level 4 with a maximum of 21 hit points when you died.

